Map: New Gettysburg LE

Players

DJteaCosy - Winner!

  • Race: Zerg Zerg
  • League: Platinum

Gracz

  • Race: Zerg Zerg
  • League: Silver

VOD

Have the link to the VOD?

Description

Time

  • Played on: Oct. 13, 2016, 1:28 p.m.
  • Length: 11:45
Show
View Real Time Build Order
Export as new Build Order

DJteaCosy Zerg - Winner!

Build Orders: Hatch First 

Get SALT Encoding   

  12  0:02  Drone  
  13  0:10  Drone  
  14  0:19  Overlord  
  14  0:40  Drone x3  
  17  0:58  Hatchery  
  16  1:05  Drone  
  16  1:09  Drone  
  16  1:10  Extractor  
  17  1:18  Drone  
  18  1:32  Spawning Pool, Drone  
  18  1:41  Drone  
  19  2:10  Drone x3  
  19  2:13  Drone  
  23  2:18  Queen  
  23  2:21  Baneling Nest  
  25  2:37  Zergling x8  
  25  2:42  Overlord  
  28  2:52  Metabolic Boost  
  28  3:00  Queen  
  28  3:05  Zergling x4  
  32  3:08  Drone  
  32  3:11  Drone x2  
  35  3:20  Lair  
  35  3:27  Overlord x2  
  35  3:31  Baneling  
  34  3:39  Zergling x2  
  35  3:46  Queen  
  35  3:47  Drone x2  
  35  3:48  Drone x3  
  42  4:11  Zergling x4, Baneling  
  42  4:12  Zergling x6  
  47  4:23  Roach Warren  
  44  4:34  Zergling x8  
  44  4:35  Zergling x6  
  51  4:39  Spine Crawler  
  51  4:41  Spine Crawler  
  49  4:45  Spine Crawler  
  49  4:48  Spawning Pool  
  49  4:51  Zergling x6  
  49  4:57  Roach Warren  
  50  5:00  Spire  
  49  5:08  Zergling x4  
  49  5:09  Zergling x2  
  49  5:10  Overlord  
  51  5:23  Overlord x2  
  51  5:45  Extractor, Drone  
  51  5:46  Drone x7  
  51  5:47  Extractor  
  56  5:58  Overseer  
  56  6:03  Drone  
  58  6:12  Mutalisk  
  58  6:17  Zergling x8  
  58  6:18  Zergling x2  
  65  6:32  Zergling x6  
  60  6:44  Baneling x5  
  58  6:49  Zergling x6  
  58  6:50  Zergling x2  
  58  7:01  Drone  
  58  7:03  Evolution Chamber  
  58  7:06  Evolution Chamber  
  41  7:31  Zergling x2  
  41  7:32  Zergling x14  
  49  7:40  Mutalisk x2  
  51  8:07  Zergling x2  
  51  8:08  Zergling x14  
  51  8:09  Zergling x6  
  51  8:11  Mutalisk  
  63  8:26  Zergling x4  
  60  8:38  Mutalisk  
  60  8:39  Mutalisk  
  60  8:58  Mutalisk  
  62  9:13  Zergling x8  
  62  9:14  Zergling x8  
  69  9:23  Extractor  
  68  9:24  Extractor  
  68  9:27  Mutalisk  
  69  9:44  Mutalisk  
  71  9:55  Drone x4  
  75  10:03  Hatchery  
  74  10:08  Overlord x3  
  74  10:27  Zergling x16  
  74  10:28  Zergling x8  
Show
View Real Time Build Order
Export as new Build Order

Gracz Zerg 

Build Orders: Hatch First 

Get SALT Encoding   

  12  0:02  Drone  
  13  0:10  Drone  
  14  0:18  Overlord  
  14  0:38  Drone x2  
  14  0:39  Drone  
  17  0:57  Hatchery  
  17  1:00  Drone  
  17  1:02  Drone  
  18  1:05  Extractor  
  17  1:23  Spawning Pool  
  16  1:33  Drone x2  
  16  1:34  Overlord  
  18  1:55  Drone  
  18  1:56  Extractor  
  18  2:06  Drone  
  18  2:07  Drone  
  20  2:31  Zergling x10  
  25  2:40  Roach Warren  
  24  3:03  Hatchery  
  23  3:22  Roach x4  
  23  3:23  Roach x2  
  35  3:39  Metabolic Boost  
  34  3:42  Lair  
  34  3:50  Drone  
  34  3:53  Overlord  
  35  4:13  Roach  
  35  4:14  Roach x3  
  41  4:36  Roach x2, Queen  
  47  4:40  Drone  
  48  4:52  Roach  
  49  4:54  Overlord  
  49  5:00  Spine Crawler  
  48  5:12  Drone  
  48  5:13  Drone x3  
  52  5:18  Drone  
  53  5:24  Drone  
  53  5:25  Drone  
  55  5:31  Drone x2  
  55  6:06  Spine Crawler  
  43  6:46  Roach x2  
  43  6:47  Roach x7  
  51  6:52  Spine Crawler  
  48  6:55  Spine Crawler  
  38  7:26  Drone  
  38  7:27  Drone x2  
  36  7:40  Drone  
  36  7:41  Queen, Drone  
  42  7:48  Infestation Pit  
  42  7:50  Burrow  
  39  7:53  Evolution Chamber  
  39  7:56  Hydralisk Den  
  25  8:44  Roach x3  
  28  8:48  Drone  
  28  8:49  Drone x5  
  33  8:59  Extractor  
  33  9:00  Hatchery  
  31  9:09  Drone  
  32  9:10  Drone  
  33  9:18  Roach  
  33  9:22  Drone  
  33  9:23  Drone x3  
  39  9:25  Queen x2  
  43  9:36  Zerg Melee Weapons Level 1  
  43  9:41  Roach x2  
  47  9:57  Lurker Den  
  47  10:13  Evolution Chamber  
  46  10:24  Hatchery  
  27  10:47  Spore Crawler  
  27  10:49  Spore Crawler  
  20  10:50  Hydralisk  
  20  10:51  Hydralisk x7  
  27  11:04  Spore Crawler  
  26  11:14  Roach  
Tags
 
Add a new tag
Caveats
  • Supply blocks, unpowered buildings, or Contaminate may cause inaccurate times.
  • Supply counts are checked every 10 seconds.